 Dungeon Crawl Stone Soup version 0.22.1-2-g9c5b331 (webtiles) character file.

175 empire the Slasher (level 5, -1/46 HPs)
             Began as a Minotaur Fighter on Nov 23, 2018.
             Engulfed by a cloud of flame (26 damage)
             ... on level 3 of the Dungeon.
             The game lasted 00:04:46 (1858 turns).

empire the Slasher (Minotaur Fighter)               Turns: 1858, Time: 00:04:47

Health: -1/46      AC:  9    Str: 21    XL:     5   Next: 29%
Magic:  4/4        EV:  8    Int:  8    God:
Gold:   150        SH:  9    Dex: 10    Spells: 4/4 levels left

rFire    . . .     SeeInvis .   a - +0 long sword
rCold    . . .     Gourm    .   c - +0 shield
rNeg     . . .     Faith    .   b - +0 scale mail
rPois    .         Spirit   .   x - +2 hat {Int+3}
rElec    .         Reflect  .   (no cloak)
rCorr    .         Harm     .   (no gloves)
MR       .....                  (no boots)
Stlth    ..........             (no amulet)
HPRegen  0.15/turn              (no ring)
MPRegen  0.09/turn              (no ring)

@: no status effects
A: retaliatory headbutt, horns 2
a: no special abilities


You were on level 3 of the Dungeon.
You were not hungry.

You visited 1 branch of the dungeon, and saw 3 of its levels.

You collected 150 gold pieces.

Inventory:

Hand Weapons
 a - a +0 long sword (weapon)
Armour
 b - a +0 scale mail (worn)
 c - a +0 shield (worn)
 x - a +2 hat of intelligence (worn)
Wands
 p - a wand of enslavement (6)
Scrolls
 i - a scroll of enchant armour {unknown}
 j - 4 scrolls of remove curse {unknown}
 k - a scroll of identify {unknown}
 l - a scroll of magic mapping {unknown}
 t - 2 scrolls of immolation {unknown}
 u - a scroll of teleportation {unknown}
 v - 3 scrolls of fog {unknown}
 y - a scroll of fear {unknown}
Potions
 d - a potion of might
 e - a potion of flight {unknown}
 g - 2 potions of degeneration {unknown}
 h - 2 potions of cancellation {unknown}
 m - a potion of invisibility {unknown}
 n - 2 potions of magic {unknown}
 o - a potion of lignification {unknown}
 q - a potion of mutation {unknown}
 r - a potion of curing {unknown}
 s - a potion of heal wounds {unknown}
 z - 2 potions of agility {unknown}
Comestibles
 f - 8 rations
 w - 10 chunks of flesh


   Skills:
 - Level 4.0 Fighting
 + Level 4.9 Long Blades
 - Level 4.0 Armour
 + Level 3.0 Dodging
 - Level 4.0 Shields


You had 4 spell levels left.
You didn't know any spells.
Your spell library was empty.

Dungeon Overview and Level Annotations

Branches:
Dungeon (3/15)

Altars:
Trog


Innate Abilities, Weirdness & Mutations

You reflexively headbutt those who attack you in melee.
You have a pair of horns on your head.


Message History

Eating one of 11 chunks of flesh.
You eat one of the 11 chunks of flesh.
This raw flesh tastes terrible.
A hobgoblin comes into view. It is wielding a club.
The hobgoblin shouts!
You hear a shout!
Found an engraved book.
Found a bloodstained altar of Trog.
A hobgoblin comes into view. It is wielding a club.
The spellbook bursts into flames!
Trog roars with delight!
The hobgoblin is engulfed in blazing flames.
The hobgoblin dies!
The hobgoblin barely misses you.
You riposte.
You hit the hobgoblin.
You kill the hobgoblin!
Things that are here:
a club; a hobgoblin corpse Really walk into that cloud of flame?
You are engulfed in blazing flames.
Things that are here:
a club; a hobgoblin corpse You butcher the hobgoblin corpse.
You are engulfed in blazing flames.
Ouch! That really hurt!
You die...

####### #.....#####
#####._.@)....#
#...#.....###.# #...#######
#.# #########....### ##.#
...............#####..#
..†..................##
.<........(..........#
####.#..#............######..
#
#.##...(.....................#


There were no monsters in sight!

Vanquished Creatures
  An orc priest (D:3)
  5 adders
  2 oozes
  3 worms (D:2)
  2 dart slugs
  3 leopard geckos (D:2)
  9 orcs (D:3)
  A ball python (D:3)
  3 bats
  4 giant cockroaches
  4 goblins
  7 hobgoblins
  3 jackals (D:2)
  3 quokkas
  2 frilled lizards (D:3)
  6 kobolds
  13 rats
  3 plants (D:2)
74 creatures vanquished.

Vanquished Creatures (others)
  A hobgoblin (D:3)
1 creature vanquished.

Grand Total: 75 creatures vanquished

Notes
Turn   | Place    | Note
-------+----------+-------------------------------------------
     0 | D:1      | empire the Minotaur Fighter began the quest for the Orb.
     0 | D:1      | Reached XP level 1. HP: 19/19 MP: 0/0
   211 | D:1      | Reached XP level 2. HP: 27/27 MP: 1/1
   593 | D:2      | Reached XP level 3. HP: 33/33 MP: 2/2
   725 | D:2      | Reached skill level 1 in Dodging
   997 | D:2      | Reached XP level 4. HP: 40/40 MP: 3/3
  1664 | D:3      | Reached XP level 5. HP: 28/46 MP: 4/4
  1850 | D:3      | Found a bloodstained altar of Trog.
  1858 | D:3      | Engulfed by a cloud of flame

Skill      XL: |  1  2  3  4  5 |
---------------+----------------+-----
Fighting       | 4 |  4.0
Armour         | 4 |  4.0
Shields        | 4 |  4.0
Long Blades    | 3 4 |  4.9
Dodging        | 1 2 3 |  3.0

Action                   |  1- 3 |  4- 6 || total
-------------------------+-------+-------++-------
Melee: Long sword        |    93 |   131 ||   224
       Headbutt          |    20 |    37 ||    57
  Eat: Chunk             |       |     4 ||     4
Armor: Scale mail        |    39 |    39 ||    78
Dodge: Dodged            |    26 |    31 ||    57
Block: Shield            |    66 |    36 ||   102
       Rpst.: Long sword |     3 |    15 ||    18
